 Dungeon Crawl Stone Soup version bcrawl-1.31 (webtiles) character file.

Game seed: 14496150808504183256

195202 Morbidden the Shield-Bearer (level 7, 66/72 HPs)
             Began as an Ent Archaeologist on Apr 5, 2021.
             Starved to death
             ... on level 5 of the Dungeon.
             The game lasted 00:12:20 (5004 turns).

Morbidden the Shield-Bearer (Ent Archaeologist)     Turns: 5004, Time: 00:12:20

Health: 66/72      AC: 15    Str: 19    XL:     7   Next: 70%
Magic:  7/7        EV: 10    Int: 16    God:
Gold:   274        SH:  0    Dex:  8    Spells: 6/6 levels left

rFire    . . .     SeeInvis .   a - +0 morningstar
rCold    . . .     Gourm    .   (no shield)
rNeg     + + +     Faith    .   (armour unavailable)
rPois    +         Spirit   .   c - +1 hat
rElec    .         Reflect  .   (no cloak)
rCorr    .         Harm     .   (gloves unavailable)
MR       .....                  (boots unavailable)
Stlth    ++........             (no amulet)
HPRegen  0.22/turn              (no ring)
MPRegen  0.10/turn              (no ring)

@: fainting, very slow
A: large, slow actions, passwall, strong branches, negative energy resistance 3,
poison resistance, slow metabolism 1, torment resistance, unbreathing, AC +14
a: Passwall


You were on level 5 of the Dungeon.
You were fainting.

You visited 1 branch of the dungeon, and saw 5 of its levels.

You collected 274 gold pieces.

Inventory:

Hand Weapons
 a - a +0 morningstar (weapon)
 b - a +2 short sword of venom
 k - a +0 blowgun
Missiles
 d - 6 curare-tipped needles
 j - 2 throwing nets {=f}
 q - 284 poisoned tomahawks (quivered)
 v - 58 javelins
 y - 73 poisoned needles
Armour
 c - a +1 hat (worn)
 f - the +10 large shield of Ignorance {rN+ Int-4}
   (You acquired it on level 2 of the Dungeon)

   It affects your intelligence (-4).
   It protects you from negative energy.
 B - a +0 cloak
Wands
 n - a wand of polymorph (3)
Scrolls
 g - a scroll of magic mapping
 i - 3 scrolls of identify
 l - 2 scrolls of teleportation
 m - 5 scrolls of remove curse {unknown}
 o - a scroll of amnesia {unknown}
 r - a scroll of blinking {unknown}
 s - 3 scrolls of fear {unknown}
 t - a scroll of enchant weapon {unknown}
 x - a scroll of fog {unknown}
 z - a scroll of enchant armour {unknown}
 A - a scroll of vulnerability
Potions
 h - a potion of resistance
 u - a potion of mutation
 w - a potion of heal wounds


   Skills:
 * Level 3.4 Fighting
 + Level 0.1 Short Blades
 + Level 3.4 Maces & Flails
 + Level 1.3 Throwing
 + Level 4.5 Dodging
 + Level 4.2 Stealth
 * Level 4.6 Shields


You had 6 spell levels left.
You didn't know any spells.
Your spell library contained the following spells:

 Spells                   Type           Power        Failure   Level  Hunger
 Corona                   Hex            #......      26%         1    None
 Ensorcelled Hibernation  Hex/Ice        #.....       36%         2    ####...
 Confuse                  Hex            #.......     58%         3    #####..
 Dazzling Orbs            Conj/Hex       #......      58%         3    #####..
 Tukima's Dance           Hex            #.......     58%         3    #####..
 Cause Fear               Hex            #.........   94%         4    ######.


Dungeon Overview and Level Annotations

Branches:
Dungeon (5/12)
 Temple: D:4-7

Altars:
Ashenzari
Hepliaklqana
Lugonu
Nemelex Xobeh
Ru
Trog
Vehumet


Innate Abilities, Weirdness & Mutations

You move and act slowly.
You can pass through walls and trees.
Your branches can wield two-handed weapons with a shield.
Your thick bark is tough. (AC +14)
You are too large for most types of armour.
You are immune to negative energy. (rN+++)
Your system is resistant to poisons. (rPois)
You have a slow metabolism.
You are immune to unholy pain and torment.
You can survive without breathing.


Message History

You feel slightly more hungry.
You miss the hungry ghost.
The hungry ghost is moderately damaged.
The hungry ghost hits you.
You feel slightly more hungry. The hungry ghost closely misses you.
You barely miss the hungry ghost.
The hungry ghost is moderately damaged.
The hungry ghost hits you.
You feel slightly more hungry.
You closely miss the hungry ghost.
The hungry ghost is moderately damaged.
The hungry ghost closely misses you. The hungry ghost hits you.
You feel slightly more hungry.
You miss the hungry ghost.
The hungry ghost is moderately damaged.
The hungry ghost barely misses you. The hungry ghost hits you.
You feel slightly more hungry.
You miss the hungry ghost.
The hungry ghost is moderately damaged.
You have starved to death.
You die...

.)...# ....................
#.#### ###................
#.######## ##+#.##..........
#........#
#######.#.##..........
..........
.......[...+.....>....
#..#####.#
#.#####.####.......... #....
.. #.####.......... #..###.#
##..#####.......########
...#... ......W@........#
##...###..#..######......###
......... #####........#
..#... .# #............#
..#.###.#
#............######
........###
#.................#
..#<......#.
##'######.........#
..##.##.#.#..###'##
#.........#
..##.##.#.#.......#
###########


You could see a hungry ghost.

Vanquished Creatures
  A sky beast (D:4)
  An ogre (D:4)
  A phantom (D:2)
  2 centaurs (D:5)
  A scorpion (D:4)
  A howler monkey (D:4)
  A jelly (D:5)
  2 orc wizards
  Ijyb (D:4)
  A worker ant (D:4)
  3 gnolls (D:3)
  5 adders
  A shadow imp (D:5)
  2 oozes
  An adder skeleton (D:4)
  3 worms
  4 dart slugs
  11 leopard geckos
  5 orcs
  8 giant cockroaches
  6 goblins
  5 hobgoblins
  4 jackals (D:4)
  12 kobolds
  2 quokkas
  6 bats
  2 frilled lizards (D:3)
  A jackal skeleton (D:4)
  A quokka zombie (D:3)
  8 rats
102 creatures vanquished.

Notes
Turn   | Place    | Note
-------+----------+-------------------------------------------
     0 | D:1      | Morbidden the Ent Archaeologist began the quest for the
                  | Orb.
     0 | D:1      | Reached XP level 1. HP: 21/21 MP: 1/1
   122 | D:1      | Reached XP level 2. HP: 26/29 MP: 2/2
   518 | D:1      | Reached XP level 3. HP: 24/36 MP: 3/3
  1335 | D:2      | Reached XP level 4. HP: 46/46 MP: 4/4
  1353 | D:2      | Noticed a phantom
  1865 | D:2      | Killed a phantom
  1866 | D:2      | Reached skill level 1 in Shields
  1866 | D:2      | Reached XP level 5. HP: 48/54 MP: 5/5
  1866 | D:2      | Identified a scroll of acquirement
  1872 | D:2      | Identified the amulet "Safuedio" {Spirit rF- SInv Stlth+}
                  | (You acquired it on level 2 of the Dungeon)
  1873 | D:2      | Found the +10 large shield of Ignorance {rN+ Int-4}
  2371 | D:3      | Paralysed by fainting for 8 turns
  2680 | D:3      | Found a bloodstained altar of Trog.
  2683 | D:3      | Found a sacrificial altar of Ru.
  2684 | D:3      | Found a sparkling altar of Nemelex Xobeh.
  2684 | D:3      | Found a corrupted altar of Lugonu.
  2686 | D:3      | Found a shattered altar of Ashenzari.
  2686 | D:3      | Found a radiant altar of Vehumet.
  2755 | D:3      | Found a hazy altar of Hepliaklqana.
  3229 | D:3      | Reached XP level 6. HP: 24/64 MP: 6/6
  3671 | D:4      | HP: 3/64 [poisoned by a scorpion]
  3677 | D:4      | HP: 2/64 [poisoned by a scorpion]
  3965 | D:4      | Noticed a sky beast
  4000 | D:4      | Killed a sky beast
  4053 | D:4      | Reached XP level 7. HP: 71/71 MP: 7/7
  4138 | D:4      | Reached skill level 1 in Throwing
  4298 | D:4      | Noticed Ijyb
  4368 | D:4      | Killed Ijyb
  4591 | D:5      | Entered Level 5 of the Dungeon
  4798 | D:5      | Noticed a hungry ghost
  4856 | D:5      | Paralysed by fainting for 7 turns
  5004 | D:5      | Starved to death

Skill      XL: |  1  2  3  4  5  6  7 |
---------------+----------------------+-----
Dodging        | 3 4 |  4.5
Stealth        | 4 |  4.2
Maces & Flails | 2 3 |  3.4
Fighting       | 2 3 |  3.4
Shields        | 1 2 3 4 |  4.6
Throwing       | 1 |  1.3
Short Blades   | |  0.1

Action                   |  1- 3 |  4- 6 |  7- 9 || total
-------------------------+-------+-------+-------++-------
Melee: Whip              |   239 |   403 |       ||   642
       Morningstar       |       |    89 |   208 ||   297
       Short sword       |       |       |     8 ||     8
Throw: Tomahawk          |     1 |    17 |    37 ||    55
       Javelin           |       |    92 |       ||    92
       Throwing net      |       |     1 |       ||     1
  Use: Potion            |       |     9 |       ||     9
       Scroll            |       |     3 |     3 ||     6
 Stab: Sleeping          |     7 |     3 |     1 ||    11
       Distracted        |       |       |     1 ||     1
  Eat: Chunk             |     9 |    13 |     5 ||    27
       Ration            |       |     5 |     8 ||    13
Armor: Skin              |   206 |   362 |   191 ||   759
Dodge: Dodged            |   123 |    31 |    81 ||   235
Block: Large shield      |   113 |   930 |   417 ||  1460
